[Event "POL Youth-ch U20 Girls 2020"]
[Site "Pokrzywna"]
[Date "2020.12.03"]
[Round "6.12"]
[White "Sowa, Wiktoria"]
[Black "Bukala, Weronika"]
[Result "0-1"]
[ECO "B31"]
[WhiteElo "2093"]
[BlackElo "1677"]
[Annotator "ChessBase"]
[PlyCount "90"]
[EventDate "2020.11.29"]
[EventType "swiss"]
[EventCountry "POL"]
[SourceTitle "playchess.com"]
[Source "ChessBase"]
[SourceQuality "1"]
[TimeControl "40/5400+30:1800+30"]

1. e4 c5 2. Nf3 Nc6 3. Bb5 g6 4. Bxc6 dxc6 5. d3 Nf6 6. h3 Bg7 7. Nc3 Nd7 8. Be3 e5 9. Qd2 h6 10. a4 a5 11. Ne2 b6 12. c3 f5 13. exf5 gxf5 14. Qc2 O-O 15. Rd1 Ba6 16. O-O Qe7 17. Rfe1 e4 18. dxe4 fxe4 19. Nh2 Bd3 20. Qc1 Kh7 21. Ng4 h5 22. Nh2 c4 23. Nf4 Nc5 24. Bxc5 Qxc5 25. Nxd3 cxd3 26. Rxe4 Qxf2+ 27. Kh1 Bh6 28. Re7+ Rf7 29. Rxf7+ Qxf7 30. Qb1 Rd8 31. Rxd3 Qg6 32. Rd1 Qxb1 33. Rxb1 Rd2 34. Nf3 Rd6 35. Re1 Bf4 36. Kg1 Bg3 37. Rf1 Kg6 38. Nd4 Be5 39. Nf5 Re6 40. Nh4+ Kh6 41. Re1 Bh2+ 42. Kxh2 Rxe1 43. Nf5+ Kg6 44. Nd4 c5 45. Nb5 Rb1 0-1

[Event "POL Youth-ch U20 Girls 2020"]
[Site "Pokrzywna"]
[Date "2020.12.04"]
[Round "7.6"]
[White "Dylag, Emilia"]
[Black "Szczotka, Klara"]
[Result "1/2-1/2"]
[ECO "E91"]
[WhiteElo "2082"]
[BlackElo "1928"]
[Annotator "ChessBase"]
[PlyCount "148"]
[EventDate "2020.11.29"]
[EventType "swiss"]
[EventCountry "POL"]
[SourceTitle "playchess.com"]
[Source "ChessBase"]
[SourceQuality "1"]
[TimeControl "40/5400+30:1800+30"]

1. d4 Nf6 2. c4 g6 3. Nc3 Bg7 4. e4 d6 5. Nf3 O-O 6. Be2 c5 7. O-O Nc6 8. d5 Na5 9. h3 e5 10. Ne1 Ne8 11. a3 b6 12. b4 Nb7 13. Nd3 f5 14. f3 f4 15. Bd2 g5 16. a4 h5 17. bxc5 Nxc5 18. Nf2 Rf6 19. a5 Rb8 20. Nb5 a6 21. Na7 Bd7 22. Bb4 Qc7 23. Nc6 Bxc6 24. dxc6 Qxc6 25. axb6 Rxb6 26. Bxc5 Qxc5 27. Qd5+ Qxd5 28. cxd5 Nc7 29. Rfc1 Nb5 30. Rc6 Rb7 31. Bxb5 axb5 32. Nd3 Rg6 33. Kf2 Kf7 34. Raa6 Ke7 35. Nc5 Rb8 36. Ra7+ Ke8 37. Ne6 Bf8 38. Nc7+ Kd8 39. Ne6+ Ke8 40. Rh7 Rg8 41. Nxf8 Kxf8 42. Rxd6 b4 43. Rdd7 g4 44. hxg4 hxg4 45. Rde7 g3+ 46. Ke2 Rg6 47. Rxe5 Kg8 48. Reh5 Rb5 49. Ra7 Rc5 50. Re5 Rf6 51. Re8+ Rf8 52. Rxf8+ Kxf8 53. Ra2 b3 54. Rd2 Rc3 55. d6 Ke8 56. d7+ Kd8 57. Kd1 b2 58. Rxb2 Kxd7 59. Rb5 Ra3 60. Rf5 Ra2 61. Rxf4 Rxg2 62. Rg4 Ke6 63. f4 Kf6 64. Ke1 Rf2 65. f5 Rg2 66. Kf1 Rf2+ 67. Kg1 Re2 68. Rg6+ Ke5 69. Rxg3 Rxe4 70. Rf3 Rg4+ 71. Kh2 Kf6 72. Kh3 Rg5 73. Kh4 Rxf5 74. Rxf5+ Kxf5 1/2-1/2

[Event "POL Youth-ch U20 Girls 2020"]
[Site "Pokrzywna"]
[Date "2020.12.04"]
[Round "7.10"]
[White "Zabrzanska, Weronika"]
[Black "Budkiewicz, Magdalena"]
[Result "1/2-1/2"]
[ECO "B24"]
[WhiteElo "1849"]
[BlackElo "1672"]
[Annotator "NA RC"]
[PlyCount "60"]
[EventDate "2020.11.29"]
[EventType "swiss"]
[EventCountry "POL"]
[SourceTitle "playchess.com"]
[Source "ChessBase"]
[SourceQuality "1"]
[TimeControl "40/5400+30:1800+30"]

1. e4 c5 2. Nc3 Nc6 3. Nf3 e5 4. Bc4 Be7 5. Nd5 Nf6 6. Nxe7 Qxe7 7. d3 h6 8. c3 d6 9. h3 a6 10. a4 Be6 11. Nd2 O-O 12. O-O Bxc4 13. Nxc4 d5 14. Ne3 Qe6 15. Qf3 Ne7 16. exd5 Nfxd5 17. Nxd5 Nxd5 18. Re1 f5 19. Bf4 Nxf4 20. Qxf4 Rae8 21. Qe3 Qd5 22. Rad1 Rf6 23. d4 cxd4 {[%emt 0:01:35] [#]} 24. Rxd4 $11 exd4 25. Qxe8+ Kh7 26. Qe5 Qxe5 27. Rxe5 dxc3 28. bxc3 Kg6 29. Kf1 Rc6 30. Re7 b6 1/2-1/2

[Event "POL Youth-ch U20 Girls 2020"]
[Site "Pokrzywna"]
[Date "2020.12.04"]
[Round "7.12"]
[White "Czernikowska, Laura"]
[Black "Mirowska, Oliwia"]
[Result "1/2-1/2"]
[ECO "A48"]
[WhiteElo "1508"]
[BlackElo "1820"]
[Annotator "NA RC"]
[PlyCount "96"]
[EventDate "2020.11.29"]
[EventType "swiss"]
[EventCountry "POL"]
[SourceTitle "playchess.com"]
[Source "ChessBase"]
[SourceQuality "1"]
[TimeControl "40/5400+30:1800+30"]

1. d4 Nf6 2. Nf3 g6 3. b3 c5 4. e3 Bg7 5. Bb2 O-O 6. Nbd2 d5 7. c4 Na6 8. cxd5 Nxd5 9. Bxa6 bxa6 10. Nc4 Bg4 11. h3 Bf5 12. Nh4 e6 13. Nxf5 exf5 14. O-O f4 15. e4 Nf6 16. dxc5 Nxe4 17. Bxg7 Kxg7 18. Qxd8 Rfxd8 19. b4 Rd4 20. Rfc1 a5 21. a3 axb4 22. axb4 Rb8 23. Rxa7 Kf6 24. Nb6 Rbd8 25. Raa1 Rxb4 26. Ra4 Rxa4 27. Nxa4 Rc8 28. Rc4 Kf5 29. f3 Ng3 30. Nc3 Ra8 31. Ra4 $11 Rxa4 32. Nxa4 Ne2+ 33. Kf2 Nd4 34. Nb6 Ke6 35. Ke1 g5 36. Kf2 h5 37. g3 fxg3+ 38. Kxg3 f5 39. Kf2 Nb3 40. c6 Kd6 41. c7 Kxc7 42. Nd5+ Kd6 43. Nf6 Ke5 44. Nxh5 Nc1 45. Ng3 Nd3+ 46. Kg2 Kf4 47. Nxf5 Kxf5 48. Kg3 Ke5 1/2-1/2

[Event "POL Youth-ch U20 Girls 2020"]
[Site "Pokrzywna"]
[Date "2020.12.04"]
[Round "7.13"]
[White "Barwinska, Ewa"]
[Black "Siekanska, Zuzanna"]
[Result "1/2-1/2"]
[ECO "B81"]
[WhiteElo "1731"]
[BlackElo "1800"]
[Annotator "NA RC"]
[PlyCount "123"]
[EventDate "2020.11.29"]
[EventType "swiss"]
[EventCountry "POL"]
[SourceTitle "playchess.com"]
[Source "ChessBase"]
[SourceQuality "1"]
[TimeControl "40/5400+30:1800+30"]

1. e4 c5 2. Nf3 e6 3. d4 cxd4 4. Nxd4 Nf6 5. Nc3 d6 6. g4 h6 7. h4 Nc6 8. Rg1 d5 9. exd5 Nxd5 10. Nxd5 exd5 11. h5 Bc5 12. Qe2+ Kd7 13. Nxc6 bxc6 14. Qf3 Re8+ 15. Kd1 Qe7 16. Bd2 Rb8 17. Rb1 Bb4 18. c3 Ba3 19. Kc2 Bc5 20. Bd3 Qf8 21. g5 hxg5 22. Qg4+ Kd8 23. Qxg5+ f6 24. Qxg7 Rb7 25. Qxf8 Rxf8 26. h6 f5 27. Rh1 Rh8 28. Bg5+ Be7 29. f4 Ke8 30. Rbg1 Bf8 31. Be2 Be6 32. Re1 Kd7 33. Rh2 Kd6 34. Reh1 Rbh7 35. Kd3 Bf7 36. b3 Rg8 37. c4 dxc4+ 38. bxc4 Be7 39. Rg2 Bf8 40. Rhh2 Kc5 41. Kc3 Rgh8 42. Rh1 Kd6 43. Rd1+ Kc7 44. Rh1 Kd6 45. Kd4 c5+ 46. Kc3 Be6 47. Bf3 Kc7 48. Rb1 Bc8 49. Rh1 Be6 50. Bd5 Bxd5 51. cxd5 Bd6 52. Rb1 Re8 53. Rbb2 Kc8 54. Kd3 Re4 55. Rge2 Bxf4 56. Bxf4 Rxf4 57. Re8+ Kc7 58. Reb8 Rxh6 59. R2b7+ Kd6 60. Rd8+ Ke5 61. Re7+ Kf6 62. Rxa7 1/2-1/2

[Event "POL Youth-ch U20 Girls 2020"]
[Site "Pokrzywna"]
[Date "2020.12.04"]
[Round "7.14"]
[White "Hertlein, Irena"]
[Black "Siekanska, Maria"]
[Result "0-1"]
[ECO "B18"]
[WhiteElo "1893"]
[BlackElo "1919"]
[Annotator "RC"]
[PlyCount "120"]
[EventDate "2020.11.29"]
[EventType "swiss"]
[EventCountry "POL"]
[SourceTitle "playchess.com"]
[Source "ChessBase"]
[SourceQuality "1"]
[TimeControl "40/5400+30:1800+30"]

1. e4 c6 2. d4 d5 3. Nd2 dxe4 4. Nxe4 Bf5 5. Ng3 Bg6 6. h4 h6 7. h5 Bh7 8. Nf3 e6 9. Bd3 Bxd3 10. Qxd3 Nd7 11. Bd2 Ngf6 12. O-O-O Be7 13. Ne4 Nxe4 14. Qxe4 Nf6 15. Qe2 O-O 16. g4 Nh7 17. Be3 Qa5 18. Kb1 c5 19. dxc5 Bxc5 20. Bxc5 Qxc5 21. Ne5 Rfd8 22. f4 Rac8 23. c3 b5 24. g5 hxg5 25. h6 g6 26. Nxg6 Qf5+ 27. Ka1 fxg6 28. fxg5 Rxd1+ 29. Qxd1 Rf8 30. a3 Qf3 31. Qb1 Qf5 32. Qd1 a5 33. Qd7 Qe5 34. Qd3 Qxg5 35. Qd7 Qe5 36. Rg1 g5 37. Qd3 Rf6 38. Qd8+ Nf8 39. Qe7 Rf5 40. Kb1 a4 41. Ka1 Kh8 42. Ka2 Qf6 43. Qb7 Qf7 44. Qb8 e5+ 45. Ka1 g4 46. Qxb5 g3 47. c4 Rf1+ 48. Rxf1 Qxf1+ 49. Ka2 Ng6 50. Qd7 Qxc4+ 51. Ka1 Qc1+ 52. Ka2 Qxh6 53. Qg4 Ne7 54. Qxg3 Qe6+ 55. Ka1 e4 56. Qh4+ Kg7 57. Qg3+ Kf7 58. Qf4+ Qf5 59. Qh6 Nd5 60. Qa6 e3 0-1

[Event "POL Youth-ch U20 Girls 2020"]
[Site "Pokrzywna"]
[Date "2020.12.04"]
[Round "7.15"]
[White "Wolagiewicz, Kinga"]
[Black "Pietrzak, Emilia"]
[Result "1-0"]
[ECO "B34"]
[WhiteElo "1791"]
[BlackElo "1522"]
[Annotator "NA RC"]
[PlyCount "97"]
[EventDate "2020.11.29"]
[EventType "swiss"]
[EventCountry "POL"]
[SourceTitle "playchess.com"]
[Source "ChessBase"]
[SourceQuality "1"]
[TimeControl "40/5400+30:1800+30"]

1. e4 c5 2. Nf3 Nc6 3. d4 cxd4 4. Nxd4 Nf6 5. Nc3 e5 6. Ndb5 d6 7. a4 a6 8. Na3 Bg4 9. f3 Be6 10. Bc4 Nb4 11. Bg5 Rc8 12. Bxf6 gxf6 13. Nd5 Nxd5 14. Bxd5 Qa5+ 15. c3 Bxd5 16. Qxd5 Qxd5 17. exd5 Bh6 18. Kf2 Kd7 19. g4 Bf4 20. h3 h5 21. Rhe1 Rh6 22. Re4 Rg8 23. Rg1 hxg4 24. hxg4 Rh2+ 25. Rg2 Rxg2+ 26. Kxg2 Rc8 27. Rb4 Rc7 28. Nc4 b5 29. axb5 axb5 30. Na3 Be3 31. Rxb5 Rc5 32. Rxc5 dxc5 33. Nc4 Bf4 34. Kf2 Bg5 35. Ke2 Bf4 36. b4 cxb4 37. cxb4 Kc7 38. b5 e4 39. fxe4 Kd7 40. Kd3 Bg3 41. Ne3 Kc7 42. Kc4 Be5 43. Nf5 Bh2 44. Nh6 Bg3 45. Nxf7 Bf4 46. Kd4 Bg3 47. g5 fxg5 48. Nxg5 Kd7 49. e5 1-0

[Event "POL Youth-ch U20 Girls 2020"]
[Site "Pokrzywna"]
[Date "2020.12.05"]
[Round "8.5"]
[White "Adamczyk, Zuzanna"]
[Black "Dylag, Emilia"]
[Result "0-1"]
[ECO "E71"]
[WhiteElo "1924"]
[BlackElo "2082"]
[Annotator "NA"]
[PlyCount "56"]
[EventDate "2020.11.29"]
[EventType "swiss"]
[EventCountry "POL"]
[SourceTitle "playchess.com"]
[Source "ChessBase"]
[SourceQuality "1"]
[TimeControl "40/5400+30:1800+30"]

1. d4 Nf6 2. c4 g6 3. Nc3 Bg7 4. e4 d6 5. h3 O-O 6. Be3 Nbd7 7. g4 c5 8. d5 e6 (8... Qa5 $11 9. Bd2 Qd8) 9. dxe6 {[%emt 0:04:17] Discovered Attack} fxe6 (9... Nb6 $142) 10. f4 Qa5 11. Qd2 b5 12. Bg2 {[%emt 0:06:34] [#]} Bb7 ({And not} 12... bxc4 13. e5 $11 (13. Qxd6 Rb8 $15)) ({Black should play} 12... Nb6 $1 $19 13. Nxb5 Qxd2+ 14. Bxd2 Nxc4) 13. g5 (13. Rh2 $17) 13... b4 14. Nd5 $19 (14. gxf6 bxc3 15. Qxc3 Qxc3+ 16. bxc3 Bxf6 17. Ne2) 14... exd5 15. gxf6 Nxf6 16. exd5 Rae8 17. Ne2 Ba6 18. O-O Bxc4 19. Rfe1 Nh5 20. a3 Bxb2 21. Qxb2 Rxe3 22. axb4 Qxb4 23. Qxb4 cxb4 24. Nd4 Rxe1+ 25. Rxe1 Nxf4 26. Re7 Nxg2 27. Ne6 Rb8 28. Kxg2 Bxd5+ 0-1

[Event "POL Youth-ch U20 Girls 2020"]
[Site "Pokrzywna"]
[Date "2020.12.05"]
[Round "8.6"]
[White "Szczotka, Klara"]
[Black "Smietanska, Wiktoria"]
[Result "1/2-1/2"]
[ECO "B19"]
[WhiteElo "1928"]
[BlackElo "2013"]
[Annotator "RC"]
[PlyCount "131"]
[EventDate "2020.11.29"]
[EventType "swiss"]
[EventCountry "POL"]
[SourceTitle "playchess.com"]
[Source "ChessBase"]
[SourceQuality "1"]
[TimeControl "40/5400+30:1800+30"]

1. e4 c6 2. d4 d5 3. Nd2 dxe4 4. Nxe4 Bf5 5. Ng3 Bg6 6. h4 h6 7. Nf3 Nd7 8. h5 Bh7 9. Bd3 Bxd3 10. Qxd3 e6 11. Bd2 Ngf6 12. O-O-O Be7 13. Ne4 O-O 14. Rdg1 Nxe4 15. Qxe4 Nf6 16. Qe2 Qd5 17. c4 Qe4 18. Qxe4 Nxe4 19. Be3 b5 20. Ne5 Rac8 21. c5 Rfd8 22. Rd1 Rd5 23. f4 Bf6 24. g4 Bxe5 25. fxe5 Rcd8 26. Kc2 Kf8 27. Rhf1 Ke7 28. b4 R5d7 29. Kd3 Ng5 30. Bxg5+ hxg5 31. Ke4 a5 32. bxa5 Ra7 33. Rf3 Rxa5 34. Rdf1 Rf8 35. R1f2 Ra4 36. a3 Rc4 37. Rf1 Rc2 38. R1f2 Rxf2 39. Rxf2 Ra8 40. Rf3 Ra4 41. Rc3 Kd8 42. Rf3 Ke8 43. Rh3 Ke7 44. Rc3 Ra8 45. Rb3 Ra7 46. Rf3 Ra4 47. Rc3 Ke8 48. Rb3 Kf8 49. Rc3 Kg8 50. Rb3 Kh7 51. Rf3 Ra7 52. Rh3 Ra4 53. Rf3 Kg8 54. Rc3 Kf8 55. Rb3 Rc4 56. Rb4 Rxb4 57. axb4 Ke7 58. Ke3 f6 59. exf6+ Kxf6 60. Ke4 Kf7 61. Ke5 Ke7 62. Ke4 Kf6 63. Ke3 e5 64. Ke4 exd4 65. Kxd4 Ke6 66. Ke4 1/2-1/2

[Event "POL Youth-ch U20 Girls 2020"]
[Site "Pokrzywna"]
[Date "2020.12.05"]
[Round "8.7"]
[White "Kulpa, Zuzanna"]
[Black "Marcinczyk, Monika"]
[Result "1-0"]
[ECO "B31"]
[WhiteElo "1806"]
[BlackElo "2030"]
[Annotator "NA"]
[PlyCount "67"]
[EventDate "2020.11.29"]
[EventType "swiss"]
[EventCountry "POL"]
[SourceTitle "playchess.com"]
[Source "ChessBase"]
[SourceQuality "1"]
[TimeControl "40/5400+30:1800+30"]

1. e4 c5 2. Nf3 Nc6 3. Bb5 g6 4. Bxc6 dxc6 5. d3 Bg7 6. Nc3 e5 7. Be3 Qd6 8. h3 Be6 $14 9. Ng5 b6 10. O-O Ne7 11. f4 O-O 12. f5 Bd7 13. g4 f6 14. Nf3 g5 15. h4 h6 16. Qd2 Kf7 17. Ne2 gxh4 18. Nxh4 Rh8 19. Ng3 Rag8 20. Kf2 Bf8 21. Qe2 Ke8 22. a3 Kd8 23. b4 cxb4 24. axb4 Nc8 25. Rad1 Qxb4 26. d4 exd4 27. Bxd4 Bc5 28. Bxc5 Qxc5+ 29. Kf3 Rh7 30. Nh5 Rf7 31. Qd3 Qe5 32. Ng6 Qh2 33. Nhf4 h5 34. gxh5 1-0

[Event "POL Youth-ch U20 Girls 2020"]
[Site "Pokrzywna"]
[Date "2020.12.05"]
[Round "8.8"]
[White "Budkiewicz, Magdalena"]
[Black "Cieslak, Wiktoria"]
[Result "1-0"]
[ECO "B28"]
[WhiteElo "1672"]
[BlackElo "2008"]
[Annotator "NA"]
[PlyCount "51"]
[EventDate "2020.11.29"]
[EventType "swiss"]
[EventCountry "POL"]
[SourceTitle "playchess.com"]
[Source "ChessBase"]
[SourceQuality "1"]
[TimeControl "40/5400+30:1800+30"]

1. e4 c5 2. Nf3 a6 3. d4 cxd4 4. Nxd4 Nf6 5. Nc3 e5 6. Nde2 Bb4 7. a3 Bc5 8. Ng3 d6 9. Be2 Be6 $11 10. Nd5 b5 11. O-O Bxd5 12. exd5 g6 13. Bh6 Nbd7 14. Kh1 Qb6 15. Qd3 Ke7 16. b4 Bxf2 17. Rxf2 Qxf2 18. Be3 Ng4 19. Bxg4 Qf6 20. Rf1 Qg7 21. Nf5+ gxf5 22. Qxf5 Rhd8 23. Bg5+ Ke8 24. Bh5 Nb6 25. Qe6+ Kf8 26. Rxf7+ 1-0

[Event "POL Youth-ch U20 Girls 2020"]
[Site "Pokrzywna"]
[Date "2020.12.05"]
[Round "8.10"]
[White "Siekanska, Maria"]
[Black "Pawicka, Magdalena"]
[Result "1-0"]
[ECO "D20"]
[WhiteElo "1919"]
[BlackElo "1762"]
[Annotator "ChessBase"]
[PlyCount "47"]
[EventDate "2020.11.29"]
[EventType "swiss"]
[EventCountry "POL"]
[SourceTitle "playchess.com"]
[Source "ChessBase"]
[SourceQuality "1"]
[TimeControl "40/5400+30:1800+30"]

1. d4 d5 2. c4 dxc4 3. e3 Nf6 4. Bxc4 e6 5. Nf3 a6 6. Bd3 b5 7. a4 b4 8. O-O Bb7 9. Nbd2 c5 10. e4 cxd4 11. e5 Nfd7 12. Nc4 Nc6 13. Bg5 Qc7 14. Rc1 Bc5 15. Bf4 Qb8 16. Ng5 h6 17. Ne4 O-O 18. Qg4 Kh8 19. Qh4 Be7 20. Nf6 Nxf6 21. Bxh6 Nxe5 22. Bf4+ Kg8 23. Bxe5 Ne4 24. Qxe7 1-0

[Event "POL Youth-ch U20 Girls 2020"]
[Site "Pokrzywna"]
[Date "2020.12.05"]
[Round "8.11"]
[White "Furtak, Joanna"]
[Black "Czernikowska, Laura"]
[Result "1/2-1/2"]
[ECO "B43"]
[WhiteElo "1837"]
[BlackElo "1508"]
[Annotator "NA"]
[PlyCount "65"]
[EventDate "2020.11.29"]
[EventType "swiss"]
[EventCountry "POL"]
[SourceTitle "playchess.com"]
[Source "ChessBase"]
[SourceQuality "1"]
[TimeControl "40/5400+30:1800+30"]

1. e4 c5 2. Nc3 e6 3. Nf3 a6 4. d4 cxd4 5. Nxd4 b5 6. g3 Bb7 7. Bg2 Nf6 8. O-O d6 9. Re1 Qc7 ({Better is} 9... Qd7 $14) 10. a4 $16 bxa4 11. Be3 Nbd7 12. Qe2 e5 13. Nf5 g6 14. Nh4 a3 15. Nd5 Nxd5 16. exd5 axb2 17. Ra2 Bg7 18. Rb1 O-O 19. Raxb2 Rfb8 20. Qd2 Bc8 21. Rb3 Rxb3 22. cxb3 Nf6 23. Rc1 Qd7 24. Qa5 Ne8 25. Bf1 Bb7 26. b4 Bf6 27. Ng2 Bd8 28. Bb6 Bxb6 29. Qxb6 Bxd5 30. Bxa6 Qa7 31. Qxa7 Rxa7 32. b5 Bb7 33. Ne3 1/2-1/2

[Event "POL Youth-ch U20 Girls 2020"]
[Site "Pokrzywna"]
[Date "2020.12.05"]
[Round "8.12"]
[White "Mirowska, Oliwia"]
[Black "Bukala, Weronika"]
[Result "1-0"]
[ECO "A05"]
[WhiteElo "1820"]
[BlackElo "1677"]
[Annotator "NA RC"]
[PlyCount "105"]
[EventDate "2020.11.29"]
[EventType "swiss"]
[EventCountry "POL"]
[SourceTitle "playchess.com"]
[Source "ChessBase"]
[SourceQuality "1"]
[TimeControl "40/5400+30:1800+30"]

1. Nf3 Nf6 2. g3 g6 3. Bg2 Bg7 4. d3 d5 5. O-O O-O 6. Nbd2 Nc6 7. e4 d4 8. Re1 e5 9. Nf1 Qd6 10. h3 $15 Be6 11. Bd2 a5 12. Nh4 Ra6 13. Qc1 Qc5 14. a3 Nd7 15. g4 Nb6 16. Ng3 Na4 17. b3 Nc3 18. Bh6 Ne7 19. Bxg7 Kxg7 20. Nhf5+ Bxf5 21. gxf5 Rc6 22. Qg5 Ng8 23. Kh2 Nf6 24. Bf3 Nb5 25. Rac1 Nxa3 26. Rg1 h6 27. Qh4 Kh7 28. Ne2 Nxc2 29. Rg2 Qb4 30. Rxc2 Rxc2 31. Qxf6 Qd6 32. Qh4 Rb2 33. Ng3 Rxb3 34. f6 g5 35. Qg4 Qxf6 36. Nh5 Qe6 37. Qg3 Rxd3 38. Rg1 a4 39. Qg2 a3 40. Bg4 Qb6 41. h4 Rg8 42. Qf1 Rb3 43. Qc4 Rf8 44. hxg5 hxg5 45. Bf5+ Kh6 46. Nf6 a2 47. Nd7 Qb4 48. Kg2 Rb1 49. Rh1+ Rxh1 50. Qxb4 Rh8 51. Qe7 Kg7 52. Qf6+ Kg8 53. Qxg5# 1-0

[Event "POL Youth-ch U20 Girls 2020"]
[Site "Pokrzywna"]
[Date "2020.12.06"]
[Round "9.7"]
[White "Budkiewicz, Magdalena"]
[Black "Kulpa, Zuzanna"]
[Result "1-0"]
[ECO "C47"]
[WhiteElo "1672"]
[BlackElo "1806"]
[Annotator "NA RC"]
[PlyCount "63"]
[EventDate "2020.11.29"]
[EventType "swiss"]
[EventCountry "POL"]
[SourceTitle "playchess.com"]
[Source "ChessBase"]
[SourceQuality "1"]
[TimeControl "40/5400+30:1800+30"]

1. e4 e5 2. Nf3 Nc6 3. Nc3 Nf6 4. d4 exd4 5. Nxd4 Bb4 6. Nxc6 bxc6 7. Bd3 d5 8. exd5 cxd5 9. O-O O-O 10. Qf3 {[%emt 0:04:01] C47: Scotch Four Knights and Four Knights with 4 g3.} h6 11. h3 c6 12. Bf4 Bd6 13. Ne2 Re8 14. Rad1 Be6 15. Rfe1 Bxf4 16. Nxf4 Qb6 17. b3 {[%emt 0:03:56] [#]} c5 $146 ({Predecessor:} 17... Bd7 18. a4 Rad8 19. Nh5 Nxh5 20. Qxh5 Qb4 21. Re3 Rxe3 22. fxe3 Qe7 {1-0 (53) Che,Q (2020)-Nguyen,H (1670) Ho Chi Minh City 2016}) 18. Nh5 Nxh5 19. Qxh5 Rad8 20. Bf5 g6 21. Bxg6 fxg6 22. Qxg6+ Kf8 23. Qxh6+ Ke7 24. Re5 Rd6 25. Rde1 Kd7 26. Qg6 Rf8 27. R1e2 c4 28. h4 cxb3 29. axb3 $14 Ke7 30. h5 Rg8 31. Qh7+ Kf8 32. Rf5+ 1-0

[Event "POL Youth-ch U20 Girls 2020"]
[Site "Pokrzywna"]
[Date "2020.12.06"]
[Round "9.11"]
[White "Czernikowska, Laura"]
[Black "Kroliczek, Gabriela"]
[Result "0-1"]
[ECO "D05"]
[WhiteElo "1508"]
[BlackElo "1911"]
[Annotator "RC"]
[PlyCount "90"]
[EventDate "2020.11.29"]
[EventType "swiss"]
[EventCountry "POL"]
[SourceTitle "playchess.com"]
[Source "ChessBase"]
[SourceQuality "1"]
[TimeControl "40/5400+30:1800+30"]

1. d4 Nf6 2. Nf3 e6 3. e3 d5 4. Bd3 c5 5. b3 Nc6 6. Bb2 b6 7. Nbd2 Bb7 8. O-O Be7 9. Ne5 Nxe5 10. dxe5 Nd7 11. f4 g6 12. Qg4 Qc7 13. e4 d4 14. c3 dxc3 15. Bxc3 O-O-O 16. Rfd1 g5 17. Nc4 h5 18. Qf3 g4 19. Qf2 Rhg8 20. a4 h4 21. g3 Qc6 22. Qe2 f5 23. Nd2 c4 24. bxc4 Nc5 25. Bc2 Nxe4 26. Nxe4 fxe4 27. Qe3 Bc5 28. Bd4 Rxd4 29. Rxd4 Bxd4 30. Qxd4 e3 31. Be4 Qxe4 32. Qxe4 Bxe4 33. Re1 hxg3 34. hxg3 Bc6 35. Rxe3 Rh8 36. a5 Rh1+ 37. Kf2 Rh2+ 38. Kf1 bxa5 39. Ra3 a4 40. Ke1 Rc2 41. Kd1 Rxc4 42. Kd2 Kc7 43. Kd3 Rb4 44. Kc2 Rb3 45. Rxb3 axb3+ 0-1

[Event "POL Youth-ch U20 Girls 2020"]
[Site "Pokrzywna"]
[Date "2020.12.06"]
[Round "9.12"]
[White "Pawicka, Magdalena"]
[Black "Furtak, Joanna"]
[Result "0-1"]
[ECO "B47"]
[WhiteElo "1762"]
[BlackElo "1837"]
[Annotator "NA RC"]
[PlyCount "66"]
[EventDate "2020.11.29"]
[EventType "swiss"]
[EventCountry "POL"]
[SourceTitle "playchess.com"]
[Source "ChessBase"]
[SourceQuality "1"]
[TimeControl "40/5400+30:1800+30"]

1. e4 c5 2. Nf3 Nc6 3. d4 cxd4 4. Nxd4 Qc7 5. Nc3 e6 6. f4 a6 7. Nxc6 Qxc6 8. Bd3 b5 9. Qe2 Bb7 10. Bd2 Rc8 11. O-O Bc5+ 12. Kh1 Ne7 13. e5 O-O 14. Ne4 d5 15. Nf6+ gxf6 16. Bxh7+ Kxh7 17. Qh5+ Kg8 18. Rf3 Rfd8 19. exf6 Kf8 20. Qh8+ Ng8 21. f5 Rc7 22. Bh6+ Ke8 23. Qxg8+ Kd7 24. Qxf7+ Kc8 25. Qxe6+ Kb8 26. Re1 d4 27. Rg3 Bd6 28. Rg8 Ka7 29. f7 Re7 30. Re2 Rxe6 31. fxe6 Qc8 32. Rxd8 Qxd8 $19 33. h3 Qf6 0-1